 Dungeon Crawl Stone Soup version 0.30-a0-272-gf98c3da03f (webtiles) character file.

Game seed: 17801627037297687094

175 gruber the Slasher (level 5, 0/27 (43) HPs)
             Began as a Gnoll Reaver on Oct 15, 2022.
             Slain by an orc
             ... wielding a +0 falchion
              (7 damage)
             ... on level 4 of the Dungeon.
             The game lasted 00:02:51 (2891 turns).

gruber the Slasher (Gnoll Reaver)                   Turns: 2891, Time: 00:02:52

HP:   0/27 (43)     AC:  3    Str: 12    XL:     5   Next: 55%
MP:   8/12          EV: 12    Int: 14    God:
Gold: 159           SH:  0    Dex: 10    Spells: 11/14 levels left

rFire   . . .      SeeInvis .    a - +0 falchion
rCold   . . .      Faith    .    (no shield)
rNeg    . . .      Spirit   .    b - +0 leather armour
rPois   .          Reflect  .    (no helmet)
rElec   .          Harm     .    (no cloak)
rCorr   .          Rampage  .    (no gloves)
Will    .....                    (no boots)
Stlth   +.........               (no amulet)
HPRegen 0.24/turn                (no ring)
MPRegen 0.13/turn                (no ring)

@: immotile, very heavily drained
A: fangs 1, strong nose, distributed training
a: no special abilities


You were on level 4 of the Dungeon.
You visited 1 branch of the dungeon, and saw 4 of its levels.

You collected 159 gold pieces.

Inventory:

Hand Weapons
 a - a +0 falchion (weapon)
Missiles
 e - 4 curare-tipped darts
Armour
 b - a +0 leather armour (worn)
Wands
 t - a wand of flame (25)
Scrolls
 c - a scroll of teleportation {unknown}
 d - a scroll of immolation {unknown}
 f - a scroll of blinking {unknown}
 g - a scroll of noise {unknown}
 h - a scroll of fear {unknown}
 i - a scroll of vulnerability {unknown}
 k - 3 scrolls of identify {unknown}
 n - a scroll of magic mapping {unknown}
 q - a scroll of butterflies {unknown}
 s - a scroll of enchant armour {unknown}
Potions
 j - a potion of mutation {unknown}
 l - a potion of magic {unknown}
 m - a potion of berserk rage {unknown}
 o - a potion of heal wounds {unknown}
 p - a potion of curing {unknown}
 r - a potion of brilliance {unknown}


   Skills:
 + Level 4.8 Fighting
 + Level 1.6 Short Blades
 + Level 6.7 Long Blades
 + Level 1.6 Axes
 + Level 1.6 Maces & Flails
 + Level 1.6 Polearms
 + Level 1.6 Staves
 + Level 1.6 Ranged Weapons
 + Level 1.6 Throwing
 + Level 1.6 Armour
 + Level 4.8 Dodging
 + Level 1.6 Stealth
 + Level 1.6 Shields
 + Level 1.6 Unarmed Combat
 + Level 5.2 Spellcasting
 + Level 5.6 Conjurations
 + Level 1.3 Hexes
 + Level 1.3 Summonings
 + Level 1.3 Necromancy
 + Level 1.3 Translocations
 + Level 1.3 Transmutations
 + Level 1.3 Fire Magic
 + Level 1.3 Ice Magic
 + Level 1.3 Air Magic
 + Level 1.3 Earth Magic
 + Level 1.3 Poison Magic
 + Level 1.8 Invocations
 + Level 1.6 Evocations


You had 11 spell levels left.
You knew the following spells:

 Your Spells              Type           Power      Damage    Failure   Level
a - Kiss of Death         Conj/Necr      52%        2d9       5%          1
b - Momentum Strike       Conj/Tloc      26%        3d8       8%          2

Your spell library contained the following spells:

 Spells                   Type           Power      Damage    Failure   Level
 Apportation              Tloc           14%        N/A       13%         1
 Hailstorm                Conj/Ice       13%        3d5       16%         3
 Alistair's Intoxication  Tmut/Pois      4%         N/A       98%         5


Dungeon Overview and Level Annotations

Branches:
Dungeon (4/15)
 Temple: D:4-7

Altars:
Elyvilon
Qazlal

Annotations:
D:3 2 runed translucent doors, ma3's ghost, weakling MeHs


Innate Abilities, Weirdness & Mutations

You have very sharp teeth.
Your uncanny sense of smell can sniff out nearby items.
Your experience applies equally to all skills.


Message History

The concentrated momentum hits the worm!
The worm dies!
You are unable to move.
The orc closely misses you.
Unknown command.
Unknown command.
Unknown command.
You are too injured to fight recklessly!
You are too injured to fight recklessly!
You are too injured to fight recklessly!
Unknown command.
Unknown command.
You hit the kobold but do no damage. The kobold completely misses you.
A goblin comes into view. It is wielding a +0 dagger.
The orc misses you.
You slash the kobold!
You kill the kobold!
The orc hits you with a +0 club.
* * * LOW HITPOINT WARNING * * *
The orc barely misses you.
Unknown command.
Unknown command.
Casting: Momentum Strike (safe; 9% risk of failure)
Confirm with . or Enter, or press ? or * to list all spells.
Aiming: Kiss of Death (safe; 5% risk of failure)
Press: ? - help, Shift-Dir - straight line, f - orc
Aim: an orc, wielding a +0 club and wearing a +0 leather armour (100% to hit)
The negative energy hits the orc!
The orc is drained!
You kill the orc!
You feel drained. The orc hits you with a +0 hand axe.
* * * LOW HITPOINT WARNING * * *
Unknown command.
Casting: Kiss of Death (safe; 5% risk of failure)
Confirm with . or Enter, or press ? or * to list all spells.
Aiming: Kiss of Death (safe; 5% risk of failure)
Press: ? - help, Shift-Dir - straight line, f - orc
Aim: an orc, wielding a +0 hand axe and wearing a +0 ring mail (100% to hit)
The negative energy hits the orc.
The orc is drained!
You kill the orc!
You feel drained. The orc hits you with a +0 falchion!
You die...

#...# #.#### #|_.#
#...... #...# #.....
#.### # #..!# ##... #∆#.
#...# # #.##
##.#.###...### #.# #.#.
##....).).....###.###.#.
#.....†@o...........#...
##.######...........'###
#.........#....#
###.###)#.###..# #.#
#.#.###..#
#.###.#.......
#>.......).).#
#.............
#####.######..


You could see an orc.

Vanquished Creatures
  A howler monkey (D:4)
  4 gnolls (D:2)
  2 adders
  3 worms (D:2)
  3 dart slugs
  3 orcs
  5 ball pythons
  3 endoplasms
  3 giant cockroaches
  3 goblins
  2 hobgoblins (D:2)
  3 jackals (D:4)
  2 quokkas (D:1)
  7 bats
  7 frilled lizards
  6 kobolds
  5 rats
62 creatures vanquished.

Vanquished Creatures (others)
  A hound (D:4)
  A worm (D:4)
2 creatures vanquished.

Grand Total: 64 creatures vanquished

Notes
Turn   | Place    | Note
-------+----------+-------------------------------------------
     0 | D:1      | gruber the Gnoll Reaver began the quest for the Orb.
     0 | D:1      | Reached XP level 1. HP: 20/20 MP: 6/6
   346 | D:1      | Reached XP level 2. HP: 23/26 MP: 7/7
  1002 | D:1      | Reached skill level 5 in Spellcasting
  1002 | D:1      | Reached XP level 3. HP: 31/31 MP: 7/9
  1268 | D:2      | Reached skill level 1 in Invocations
  1340 | D:2      | Reached skill level 1 in Short Blades
  1340 | D:2      | Reached skill level 1 in Axes
  1340 | D:2      | Reached skill level 1 in Maces & Flails
  1340 | D:2      | Reached skill level 1 in Polearms
  1340 | D:2      | Reached skill level 1 in Staves
  1340 | D:2      | Reached skill level 1 in Ranged Weapons
  1340 | D:2      | Reached skill level 1 in Throwing
  1340 | D:2      | Reached skill level 1 in Armour
  1340 | D:2      | Reached skill level 1 in Stealth
  1340 | D:2      | Reached skill level 1 in Shields
  1340 | D:2      | Reached skill level 1 in Unarmed Combat
  1340 | D:2      | Reached skill level 1 in Evocations
  1539 | D:2      | Learned a level 2 spell: Momentum Strike
  1749 | D:2      | Reached XP level 4. HP: 31/31 MP: 11/11
  1883 | D:2      | Reached skill level 1 in Hexes
  1883 | D:2      | Reached skill level 1 in Summonings
  1883 | D:2      | Reached skill level 1 in Necromancy
  1883 | D:2      | Reached skill level 1 in Translocations
  1883 | D:2      | Reached skill level 1 in Transmutations
  1883 | D:2      | Reached skill level 1 in Fire Magic
  1883 | D:2      | Reached skill level 1 in Ice Magic
  1883 | D:2      | Reached skill level 1 in Air Magic
  1883 | D:2      | Reached skill level 1 in Earth Magic
  1883 | D:2      | Reached skill level 1 in Poison Magic
  2285 | D:3      | Found a large runed translucent door.
  2285 | D:3      | Found a large runed translucent door.
  2289 | D:3      | Noticed ma3's ghost (weakling MeHs)
  2322 | D:3      | Found a white marble altar of Elyvilon.
  2586 | D:4      | Reached XP level 5. HP: 23/35 MP: 12/12
  2831 | D:4      | Found a stormy altar of Qazlal.
  2891 | D:4      | Slain by an orc

Illustrated notes

Levels and vault maps discovered:
D:1:      dpeg_arrival_lava_temple_mockup, layout_basic, minmay_ruptured
D:2:      layout_basic
D:3:      layout_basic, elyvilon_altar_3, ebering_ghost_disaster_area,
          minmay_misc_feat_nine_boxes
D:4:      layout_loops_ring, mainiacjoe_overflow_swirl,
          mainiacjoe_overflow_alcove_2, nicolae_shop_firing_range

Skill      XL: |  1  2  3  4 |
---------------+-------------+-----
Spellcasting   | 5 |  5.2
Invocations    | 1 |  1.8
Short Blades   | 1 |  1.6
Axes           | 1 |  1.6
Maces & Flails | 1 |  1.6
Polearms       | 1 |  1.6
Staves         | 1 |  1.6
Ranged Weapons | 1 |  1.6
Throwing       | 1 |  1.6
Armour         | 1 |  1.6
Stealth        | 1 |  1.6
Shields        | 1 |  1.6
Unarmed Combat | 1 |  1.6
Evocations     | 1 |  1.6
Hexes          | 1 |  1.3
Summonings     | 1 |  1.3
Necromancy     | 1 |  1.3
Translocations | 1 |  1.3
Transmutations | 1 |  1.3
Fire Magic     | 1 |  1.3
Ice Magic      | 1 |  1.3
Air Magic      | 1 |  1.3
Earth Magic    | 1 |  1.3
Poison Magic   | 1 |  1.3
Fighting       | |  4.8
Long Blades    | |  6.7
Dodging        | |  4.8
Conjurations   | |  5.6

Action                   |  1- 3 |  4- 6 || total
-------------------------+-------+-------++-------
Melee: Falchion          |   116 |   101 ||   217
       Bite              |    10 |    10 ||    20
 Cast: Kiss of Death     |     3 |     3 ||     6
       Momentum Strike   |       |     3 ||     3
  Use: Potion            |       |     1 ||     1
 Stab: Sleeping          |     1 |     1 ||     2
       Invisible         |       |     1 ||     1
Armor: Leather armour    |    35 |    21 ||    56
Dodge: Dodged            |    71 |    90 ||   161

Table legend: (Time is in decaauts)
 A = Elapsed time spent in this place.
 B = Non-inter-level travel time spent in this place.
 C = Inter-level travel time spent in this place.
 D = Time resting spent in this place.
 E = Time spent auto-exploring this place.
 F = Levels seen in this place.
 G = Mean time per level.
                   A        B        C        D        E       F      G
               +--------+--------+--------+--------+--------+-----+--------+
         Total |   2885 |   2807 |     78 |      0 |   2345 |   4 |  721.2 |
       Dungeon |   2885 |   2807 |     78 |      0 |   2345 |   4 |  721.2 |
               +--------+--------+--------+--------+--------+-----+--------+

Top non-repeatable levels by time:
     D:1: 1066 daAuts
     D:2: 976 daAuts
     D:3: 516 daAuts
     D:4: 325 daAuts
